 Dungeon Crawl Stone Soup version 0.31-a0-7-g51783674b7 (webtiles) character file.

Game seed: 729979464528086368

56 ketsa the Caller (level 3, -2/14 HPs)
             Began as a Felid Summoner on May 5, 2023.
             Was an Initiate of Nemelex Xobeh.
             Killed from afar by Crazy Yiuf (12 damage)
             ... with a puff of flame
             ... on level 2 of the Dungeon.
             The game lasted 00:08:12 (2123 turns).

ketsa the Caller (Felid Summoner)                   Turns: 2123, Time: 00:08:13

Health: -2/14      AC:  1    Str:  6    XL:     3   Next: 69%
Magic:  4/7        EV: 17    Int: 16    God:    Nemelex Xobeh [......]
Gold:   122        SH:  0    Dex: 16    Spells: 4/7 levels left
                                        Lives:  0   Deaths: 0

rFire   . . .        (weapon unavailable)
rCold   . . .        (shield unavailable)
rNeg    . . .        (body armour unavailable)
rPois   .            (helmet unavailable)
rElec   .            (cloak unavailable)
rCorr   .            (gloves unavailable)
SInv    +            (boots unavailable)
Will    .....        (no amulet)
Stlth   +++          (no ring)
HPRegen 0.22/turn    (no ring)
MPRegen 0.10/turn

%: no passive effects
@: quick
A: very small, claws 1, fangs 3, see invisible, speed 1, shaggy fur 1, stealthy
paws, no weapons or thrown items, no armour, multi-lived
a: Renounce Religion, Draw Escape, Draw Destruction, Draw Summoning


You were on level 2 of the Dungeon.
You worshipped Nemelex Xobeh.
Nemelex Xobeh was noncommittal.
You visited 1 branch of the dungeon, and saw 2 of its levels.

You collected 122 gold pieces.

Inventory:

Armour
 k - a scarf of resistance
Jewellery
 o - a ring of resist corrosion
Scrolls
 b - a scroll of torment {unknown}
 e - a scroll of teleportation {unknown}
 f - a scroll of blinking {unknown}
 g - a scroll of fog {unknown}
 l - a scroll of identify {unknown}
 m - a scroll of silence {unknown}
Potions
 a - a potion of magic
 c - a potion of degeneration {unknown}
 d - a potion of cancellation {unknown}
 h - 3 potions of curing {unknown}
 i - a potion of might {unknown}
 j - 2 potions of attraction {unknown}
 n - a potion of resistance {unknown}


   Skills:
 - Level 2.6 Dodging
 + Level 4.0 Stealth
 + Level 2.6 Spellcasting
 + Level 4.5 Summonings
 + Level 0.4 Invocations


You had 4 spell levels left.
You knew the following spells:

 Your Spells              Type           Power      Damage    Failure   Level
a - Summon Small Mammal   Summ           64%        N/A       3%          1
b - Call Imp              Summ           32%        N/A       4%          2

Your spell library contained the following spells:

 Spells                   Type           Power      Damage    Failure   Level
 Call Canine Familiar     Summ           16%        N/A       10%         3
 Beastly Appendage        Tmut           4%         N/A       21%         1
 Magic Dart               Conj           8%         1d3       21%         1
 Summon Guardian Golem    Hex/Summ       9%         N/A       24%         3
 Scorch                   Fire           4%         2d5       30%         2
 Searing Ray              Conj           4%         2d4       30%         2
 Wereblood                Tmut           2%         N/A       30%         2
 Spider Form              Tmut/Pois      2%         N/A       52%         3
 Summon Lightning Spire   Summ/Air       9%         N/A       61%         4
 Flame Wave               Conj/Fire      2%         2d4       89%         4
 Fulminant Prism          Conj/Hex       1%         3d5       89%         4
 Summon Cactus Giant      Summ           8%         N/A       99%         6


Dungeon Overview and Level Annotations

Branches:
Dungeon (2/15)

Altars:
Nemelex Xobeh

Shops:
D:1 =

Annotations:
D:2 Crazy Yiuf


Innate Abilities, Weirdness & Mutations

You have sharp claws.
You have razor-sharp teeth.
You have supernaturally acute eyesight. (SInv)
You cover ground quickly. (Speed+)
You are covered in fur. (AC +1)
Your paws help you pounce on unaware monsters.
You are incapable of wielding weapons or throwing items.
You cannot wear armour.
You gain extra lives every three experience levels.


Message History

Things that are here:
a +0 club; a goblin corpse
Casting: Summon Small Mammal (safe; 3% risk of failure)
Confirm with . or Enter, or press ? or * to list all spells.
A tiny devil pulls itself out of the air.
Casting: Call Imp (safe; 4% risk of failure)
Confirm with . or Enter, or press ? or * to list all spells.
You swap places.
Things that are here:
a +0 club; a +0 sling; a goblin corpse
Things that are here:
a +0 helmet; a +0 animal skin; a +0 mace Your cerulean imp hits Crazy Yiuf from afar with a -3 spear.
Crazy Yiuf hits your quokka with a +3 quarterstaff of chaos.
Your quokka dies!
Your quokka's corpse disappears in a puff of smoke!
Your cerulean imp hits Crazy Yiuf but does no damage.
Your cerulean imp hits Crazy Yiuf but does no damage.
Crazy Yiuf hits your cerulean imp with a +3 quarterstaff of chaos!
Your cerulean imp hits Crazy Yiuf with a -3 spear.
Something hits your cerulean imp!
Your cerulean imp dies!
Your cerulean imp disappears in a puff of smoke!
Casting: Summon Small Mammal (safe; 3% risk of failure)
Confirm with . or Enter, or press ? or * to list all spells.
A tiny devil pulls itself out of the air.
Casting: Call Imp (safe; 4% risk of failure)
Confirm with . or Enter, or press ? or * to list all spells.
Crazy Yiuf zaps a wand.
The puff of flame hits you!
Ouch! That really hurt!
Crazy Yiuf zaps a wand.
The puff of flame hits your cerulean imp!
There is a stone staircase leading up here.
Okay, then.
You start resting.
Crazy Yiuf is nearby!
Crazy Yiuf zaps a wand.
The puff of flame hits you!
Ouch! That really hurt!
You die...
Your body disappears without a glow.

# #.....###......##........# #
#..)#.# #..#....#.#....########
#...#.###....#....##..........#
#.....#.......................#
###...#...g.r...................#
..).............................#
...)........5..........##########
......#.................<...#
.#..............@...........#
.#..##......................#
....###.....................#
)....##.....................#
.###........................#
.####......##########.......#
#..........# #.......#
..###..##### #.......# ####...##
#########


You could see Crazy Yiuf (ally target), a friendly cerulean imp (summoned) and a
friendly quokka (summoned).

Vanquished Creatures
  A bat (D:1)
  3 endoplasms
  A giant cockroach (D:2)
  5 goblins
  3 hobgoblins
  A jackal (D:2)
  2 kobolds (D:1)
  A frilled lizard (D:2)
  3 rats
20 creatures vanquished.

Vanquished Creatures (collateral kills)
  Robin (D:2)
  An endoplasm (D:1)
  7 goblins (D:2)
  2 hobgoblins (D:2)
  3 jackals (D:2)
  A kobold (D:2)
  A frilled lizard (D:2)
  2 rats (D:1)
18 creatures vanquished.

Grand Total: 38 creatures vanquished

Notes
Turn   | Place    | Note
-------+----------+-------------------------------------------
     0 | D:1      | ketsa the Felid Summoner began the quest for the Orb.
     0 | D:1      | Reached XP level 1. HP: 7/7 MP: 4/4
   318 | D:1      | Reached XP level 2. HP: 11/11 MP: 3/6
   542 | D:1      | Found Nusaippo's Jewellery Boutique.
   771 | D:1      | Learned a level 2 spell: Call Imp
  1444 | D:2      | Reached XP level 3. HP: 6/14 MP: 5/7
  1520 | D:2      | Found a sparkling altar of Nemelex Xobeh.
  1527 | D:2      | Became a worshipper of Nemelex Xobeh the Trickster
  1597 | D:2      | Found a runed translucent door.
  1598 | D:2      | Noticed Crazy Yiuf
  1639 | D:2      | Noticed Robin
  1913 | D:2      | Killed Robin
  2123 | D:2      | Killed from afar by Crazy Yiuf

Illustrated notes

Levels and vault maps discovered:
D:1:      minmay_arrival_floating_metal, layout_basic, serial_shops, shop,
          dk_noncrumbling_4, serial_park_tiny_pond
D:2:      layout_rooms, basic_altar, uniq_crazy_yiuf_cottage, uniq_robin

Skill      XL: |  1  2  3 |
---------------+----------+-----
Stealth        | 3 4 |  4.0
Dodging        | |  2.6
Spellcasting   | |  2.6
Summonings     | |  4.5
Invocations    | |  0.4

Action                     || total
---------------------------++-------
  Melee: Unarmed           ||    73
         Bite              ||     3
         Punch             ||     1
   Cast: Summon Small Mamm ||    18
         Call Imp          ||    13
   Stab: Distracted        ||     1
         Sleeping          ||     2
 Armour: Skin              ||     7
  Dodge: Dodged            ||    73

Table legend: (Time is in decaauts)
 A = Elapsed time spent in this place.
 B = Non-inter-level travel time spent in this place.
 C = Inter-level travel time spent in this place.
 D = Time resting spent in this place.
 E = Time spent auto-exploring this place.
 F = Levels seen in this place.
 G = Mean time per level.
                   A        B        C        D        E       F      G
               +--------+--------+--------+--------+--------+-----+--------+
         Total |   1810 |   1760 |     50 |    108 |   1182 |   2 |  905.0 |
       Dungeon |   1810 |   1760 |     50 |    108 |   1182 |   2 |  905.0 |
               +--------+--------+--------+--------+--------+-----+--------+

Top non-repeatable levels by time:
     D:1: 1215 daAuts
     D:2: 594 daAuts
